 Dungeon Crawl Stone Soup version 0.31-a0-175-g9f7f995f2b (webtiles) character file.

Game seed: 15777689912032324390

26634 qw the Marksnaga (level 13, 0/123 HPs)
             Began as a Naga Hunter on June 17, 2023.
             Was an Elder of Okawaru.
             Killed from afar by an electric eel (6 damage)
             ... with a bolt of electricity
             ... on level 4 of the Lair of Beasts.
             The game lasted 00:05:45 (15491 turns).

qw the Marksnaga (Naga Hunter)                     Turns: 15491, Time: 00:05:45

Health: 0/123      AC: 20    Str: 13    XL:     13   Next: 27%
Magic:  20/20      EV: 18    Int: 11    God:    Okawaru [****..]
Gold:   339        SH:  0    Dex: 30    Spells: 12/12 levels left

rFire   x . .        Y - +0 arbalest
rCold   + . .        (shield currently unavailable)
rNeg    . . .        e - +3 ring mail of the Enchanted Forest {rF- rC+ Dex+5}
rPois   +            k - +0 helmet
rElec   .            (no cloak)
rCorr   .            q - +2 pair of gloves
SInv    +            (no barding)
Will    +....        (no amulet)
Stlth   ++++         d - +4 ring of protection
HPRegen 0.40/turn    c - +6 ring of dexterity
MPRegen 0.17/turn

%: no passive effects
@: heroic, very slow
A: AC +4, large, see invisible, deformed body, poison resistance, slowness 2,
spit poison 1, naga tail 2
a: Spit Poison, Renounce Religion, Heroism, Finesse


You were on level 4 of the Lair of Beasts.
You worshipped Okawaru.
Okawaru was greatly pleased with you.
You visited 2 branches of the dungeon, and saw 15 of its levels.

You collected 973 gold pieces.
You spent 634 gold pieces at shops.


Innate Abilities, Weirdness & Mutations

Your serpentine skin is tough. (AC +4)
You have supernaturally acute eyesight. (SInv)
Armour fits poorly on your strangely shaped body.
Your system is resistant to poisons. (rPois)
You cover ground very slowly.
You can spit poison.
You can use your snake-like lower body to constrict enemies.


   Skills:
 - Level 10.0(15.0) Fighting
 - Level 15.0(20.0) Ranged Weapons
 - Level 3.1(8.1) Armour
 + Level 6.0(11.0) Dodging
 - Level 1.5(6.5) Stealth
 - Level 10.0 Invocations


You had 12 spell levels left.
You didn't know any spells.
Your spell library was empty.

Inventory:

Hand Weapons
 Y - a +0 arbalest (weapon)
Armour
 e - the +3 ring mail of the Enchanted Forest (worn) {rF- rC+ Dex+5}
   (You bought it in a shop on level 10 of the Dungeon)

   Dex:       It affects your dexterity (+5).
   rF:        It makes you vulnerable to fire.
   rC:        It protects you from cold.
 k - a +0 helmet (worn)
 m - a +0 troll leather armour
 q - a +2 pair of gloves (worn)
Jewellery
 c - a +6 ring of dexterity (right hand)
 d - a +4 ring of protection (left hand)
 n - a ring of fire
Scrolls
 a - 2 scrolls of identify
Potions
 b - a potion of haste
 f - 2 potions of mutation
 g - a potion of resistance
 h - a potion of might
 l - 10 potions of curing
 p - a potion of magic
 r - a potion of cancellation
 t - a potion of enlightenment

Dungeon Overview and Level Annotations

Branches:
Dungeon (11/15)            Temple (0/1) D:7            Lair (3/5) D:11
  Swamp (0/4) Lair:2
  Snake: Lair:2-3    Spider: Lair:2-3       Orc: D:9-12

Altars:
Cheibriados
Elyvilon
Fedhas
Makhleb
Okawaru
Qazlal
Sif Muna
Vehumet
Xom
Yredelemnul
The Shining One

Shops:
D:4 !   D:10 [[([[   D:11 [

Annotations:
D:11 3 runed translucent doors
Lair:2 3 runed translucent doors, qw's ghost, novice MiHu


Message History

The bolt barely misses the water moccasin.
The electric eel shoots out a bolt of lightning at you!
The bolt of electricity hits the plant! x3; The bolt of electricity misses you.
The water moccasin misses you.
You shoot a bolt. The bolt hits the water moccasin!!
The water moccasin is severely wounded.
The water moccasin completely misses you.
A komodo dragon comes into view.
The electric eel shoots out a bolt of lightning at you!
The bolt of electricity hits the plant! x3; The bolt of electricity misses you.
The electric eel shoots out a bolt of lightning at you!
The bolt of electricity misses you.
The water moccasin completely misses you.
You shoot a bolt. The komodo dragon hisses angrily.
The bolt hits the water moccasin!!
You kill the water moccasin!
Okawaru accepts your kill.
The electric eel shoots out a bolt of lightning at you!
The bolt of electricity hits you.
Your base Ranged Weapons skill increases to level 15!
You shoot a bolt. The bolt hits the polar bear.
The polar bear is lightly wounded.
A nearby plant withers and dies. x3
The electric eel shoots out a bolt of lightning at you!
The bolt of electricity hits the plant!
The plant begins to die.
The bolt of electricity misses you.
The electric eel shoots out a bolt of lightning at you!
The bolt of electricity hits you.
You shoot a bolt. The bolt hits the polar bear!
The polar bear is moderately wounded.
The electric eel shoots out a bolt of lightning at you!
The bolt of electricity hits the plant!
The bolt of electricity hits you! The polar bear bites you!
The polar bear completely misses you. The polar bear claws you.
You shoot a bolt. The bolt hits the polar bear!!
The polar bear is severely wounded.
The electric eel shoots out a bolt of lightning at you!
The bolt of electricity hits the plant!
The bolt of electricity hits you.
You die...

.......PPP~~~~~
........~~P~~~~
........~~~~P~~
#......P~~SPP~~
#.......~~~~P~~
.......~l~~~~~~
#......P~~~~~PS
#......@%..~#
##.....h%..##
#..........#
#.........##
...........#
.#..........
##.........#
......#.##.


You could see a polar bear, a komodo dragon and 2 electric eels.

Vanquished Creatures
  Gastronok (Lair:2)
  Fannar (Lair:2)
  A hydra (Lair:4)
  A skyshark (Lair:3)
  An ugly thing (D:11)
  A cyclops (D:11)
  7 elephants
  3 black mambas
  A gargoyle (D:11)
  5 cane toads
  2 unseen horrors
  A kobold demonologist (D:11)
  2 rime drakes
  8 komodo dragons
  2 trolls (D:11)
  A tyrant leech (Lair:2)
  A hornet (Lair:2)
  A polar bear (Lair:2)
  8 blink frogs
  5 dream sheep (Lair:3)
  Grinder (D:5)
  5 slime creatures (D:9)
  A shadow (D:9)
  A vampire (D:11)
  18 yaks
  4 wyverns
  A steam dragon (Lair:2)
  2 basilisks
  Edmund (D:5)
  9 water moccasins
  2 acid dragons
  An ice beast (D:7)
  2 orc warriors
  A sky beast (D:6)
  2 black bears
  3 ogres
  3 centaurs
  A phantom (D:4)
  6 kobold brigands
  Blork the orc (D:4)
  16 bullfrogs
  A scorpion (D:6)
  2 gnoll sergeants
  11 wights
  3 killer bees (D:9)
  10 electric eels (D:10)
  2 howler monkeys
  2 hounds
  3 gnoll boudas
  4 orc priests
  3 jellies
  6 orc wizards
  3 sleepcaps
  4 iguanas
  24 gnolls
  6 adders
  A shadow imp (D:6)
  A white imp (D:6)
  An ufetubus (D:6)
  2 worms
  3 dart slugs
  24 orcs
  8 ball pythons
  6 bats
  10 endoplasms
  5 giant cockroaches
  12 goblins
  8 hobgoblins
  5 jackals
  46 kobolds
  6 quokkas
  4 frilled lizards
  10 rats
370 creatures vanquished.

Notes
Turn   | Place    | Note
-------+----------+-------------------------------------------
     0 | D:1      | qw the Naga Hunter began the quest for the Orb.
     0 | D:1      | Reached XP level 1. HP: 19/19 MP: 1/1
     0 | D:1      | 0 ||| qw: Version: 0.3-a-2-g5ab2908
     0 | D:1      | 0 ||| qw: Game counter: 215
     0 | D:1      | 0 ||| qw: Always use a shield: true
     0 | D:1      | 0 ||| qw: God list: Okawaru
     0 | D:1      | 0 ||| qw: Allow faded altars: false
     0 | D:1      | 0 ||| qw: Do Orc after D:15 true
     0 | D:1      | 0 ||| qw: Do second Lair branch before Depths: true
     0 | D:1      | 0 ||| qw: Lair rune preference: random
     0 | D:1      | 0 ||| qw: Plans: Normal
     0 | D:1      | 0 ||| PLANNING D:1-11
    73 | D:1      | 73 ||| INVOKING Spit Poison.
    86 | D:1      | 86 ||| INVOKING Spit Poison.
   110 | D:1      | 110 ||| INVOKING Spit Poison.
   113 | D:1      | Reached skill level 4 in Ranged Weapons
   113 | D:1      | Reached XP level 2. HP: 26/26 MP: 2/2
   127 | D:1      | 127 ||| INVOKING Spit Poison.
   130 | D:1      | 130 ||| INVOKING Spit Poison.
   135 | D:1      | 135 ||| INVOKING Spit Poison.
   177 | D:1      | 177 ||| INVOKING Spit Poison.
   183 | D:1      | 183 ||| INVOKING Spit Poison.
   186 | D:1      | 186 ||| INVOKING Spit Poison.
   187 | D:1      | HP: 4/26 [quokka (4)]
   296 | D:1      | 296 ||| INVOKING Spit Poison.
   323 | D:1      | 323 ||| INVOKING Spit Poison.
   327 | D:1      | 327 ||| INVOKING Spit Poison.
   330 | D:1      | 330 ||| INVOKING Spit Poison.
   371 | D:1      | Reached XP level 3. HP: 32/32 MP: 3/3
   377 | D:1      | 377 ||| INVOKING Spit Poison.
   406 | D:1      | 406 ||| INVOKING Spit Poison.
   410 | D:1      | 410 ||| INVOKING Spit Poison.
   414 | D:1      | 414 ||| INVOKING Spit Poison.
   851 | D:1      | 851 ||| READING 2 scrolls labelled CIMIUFF MARAGH.
   852 | D:1      | 852 ||| READING scroll labelled GYPHINKYVIO.
   853 | D:1      | 853 ||| READING scroll labelled FIPELUYFRU.
   854 | D:1      | 854 ||| DROPPING scroll of butterflies.
   901 | D:2      | 901 ||| INVOKING Spit Poison.
   907 | D:2      | 907 ||| INVOKING Spit Poison.
  1056 | D:2      | 1056 ||| INVOKING Spit Poison.
  1076 | D:2      | 1076 ||| INVOKING Spit Poison.
  1080 | D:2      | 1080 ||| INVOKING Spit Poison.
  1099 | D:2      | 1099 ||| INVOKING Spit Poison.
  1102 | D:2      | 1102 ||| INVOKING Spit Poison.
  1141 | D:2      | 1141 ||| INVOKING Spit Poison.
  1146 | D:2      | 1146 ||| INVOKING Spit Poison.
  1208 | D:2      | 1208 ||| INVOKING Spit Poison.
  1220 | D:2      | 1220 ||| INVOKING Spit Poison.
  1222 | D:2      | Reached skill level 5 in Ranged Weapons
  1222 | D:2      | Reached XP level 4. HP: 39/39 MP: 4/4
  1223 | D:2      | 1223 ||| INVOKING Spit Poison.
  1253 | D:2      | 1253 ||| INVOKING Spit Poison.
  1340 | D:2      | 1340 ||| INVOKING Spit Poison.
  1550 | D:2      | 1550 ||| READING scroll labelled NIEZXE QOIN.
  1551 | D:2      | 1551 ||| READING scroll labelled RIC CEORIY.
  1552 | D:2      | 1552 ||| READING 2 scrolls of identify.
  1552 | D:2      | 1552 ||| IDENTIFYING metallic black potion
  1553 | D:2      | 1553 ||| DROPPING potion of degeneration.
  1596 | D:3      | 1596 ||| Stepping ~*~*~tactically~*~*~ (outnumbered).
  1598 | D:3      | 1598 ||| Stepping ~*~*~tactically~*~*~ (outnumbered).
  1599 | D:3      | 1599 ||| INVOKING Spit Poison.
  1607 | D:3      | 1607 ||| INVOKING Spit Poison.
  1619 | D:3      | Found an iron altar of Okawaru.
  1620 | D:3      | 1620 ||| PLANNING OKAWARU WORSHIP
  1621 | D:3      | 1621 ||| INVOKING Spit Poison.
  1631 | D:3      | 1631 ||| INVOKING Spit Poison.
  1636 | D:3      | Became a worshipper of Warmaster Okawaru
  1637 | D:3      | 1637 ||| PLANNING D:1-11
  1642 | D:3      | 1642 ||| INVOKING Spit Poison.
  1645 | D:3      | 1645 ||| INVOKING Spit Poison.
  1714 | D:3      | 1714 ||| INVOKING Spit Poison.
  1771 | D:3      | 1771 ||| INVOKING Spit Poison.
  1777 | D:3      | 1777 ||| INVOKING Spit Poison.
  1780 | D:3      | 1780 ||| INVOKING Spit Poison.
  1781 | D:3      | 1781 ||| INVOKING Spit Poison.
  1785 | D:3      | 1785 ||| INVOKING Spit Poison.
  1788 | D:3      | Reached skill level 3 in Fighting
  1814 | D:3      | 1814 ||| FLEEEEING.
  1884 | D:3      | 1884 ||| INVOKING Spit Poison.
  1891 | D:3      | 1891 ||| INVOKING Spit Poison.
  1896 | D:3      | Reached XP level 5. HP: 35/49 MP: 5/5
  1933 | D:3      | 1933 ||| INVOKING Spit Poison.
  1945 | D:3      | 1945 ||| INVOKING Spit Poison.
  1950 | D:3      | 1950 ||| INVOKING Spit Poison.
  1963 | D:3      | 1963 ||| INVOKING Spit Poison.
  1967 | D:3      | 1967 ||| INVOKING Spit Poison.
  2101 | D:3      | 2101 ||| INVOKING Spit Poison.
  2107 | D:3      | 2107 ||| INVOKING Spit Poison.
  2150 | D:3      | 2150 ||| INVOKING Spit Poison.
  2179 | D:3      | 2179 ||| INVOKING Spit Poison.
  2187 | D:3      | 2187 ||| INVOKING Spit Poison.
  2197 | D:3      | 2197 ||| INVOKING Spit Poison.
  2201 | D:3      | 2201 ||| INVOKING Spit Poison.
  2205 | D:3      | 2205 ||| INVOKING Spit Poison.
  2278 | D:3      | 2278 ||| INVOKING Spit Poison.
  2283 | D:3      | 2283 ||| INVOKING Spit Poison.
  2284 | D:3      | 2284 ||| Stepping ~*~*~tactically~*~*~ (outnumbered).
  2287 | D:3      | 2287 ||| INVOKING Spit Poison.
  2292 | D:3      | 2292 ||| INVOKING Spit Poison.
  2296 | D:3      | 2296 ||| INVOKING Spit Poison.
  2348 | D:3      | 2348 ||| UPGRADING to ring of protection from cold.
  2349 | D:3      | 2349 ||| READING 2 scrolls of identify.
  2349 | D:3      | 2349 ||| IDENTIFYING fuming green potion
  2417 | D:4      | Noticed Blork the orc
  2420 | D:4      | 2420 ||| INVOKING Spit Poison.
  2426 | D:4      | 2426 ||| INVOKING Spit Poison.
  2426 | D:4      | Killed Blork the orc
  2426 | D:4      | Reached * piety under Okawaru
  2427 | D:4      | Reached skill level 6 in Ranged Weapons
  2427 | D:4      | Reached XP level 6. HP: 28/56 MP: 6/6
  2547 | D:4      | 2547 ||| INVOKING Spit Poison.
  2553 | D:4      | 2553 ||| INVOKING Spit Poison.
  2557 | D:4      | 2557 ||| INVOKING Spit Poison.
  2607 | D:4      | 2607 ||| INVOKING Spit Poison.
  2647 | D:4      | 2647 ||| INVOKING Spit Poison.
  2700 | D:4      | 2700 ||| INVOKING Spit Poison.
  2702 | D:4      | Found Fiywagica's Distillery.
  2713 | D:4      | 2713 ||| BUYING potion of curing (42 gold).
  2713 | D:4      | Bought a potion of curing for 42 gold pieces
  2713 | D:4      | 2713 ||| BUYING potion of heal wounds (70 gold).
  2713 | D:4      | Bought a potion of heal wounds for 70 gold pieces
  2713 | D:4      | 2713 ||| BUYING potion of heal wounds (70 gold).
  2713 | D:4      | Bought a potion of heal wounds for 70 gold pieces
  2713 | D:4      | 2713 ||| SHOPLISTING potion of heal wounds (70 gold, have
                  | 42).
  2713 | D:4      | 2713 ||| SHOPLISTING potion of magic (112 gold, have 42).
  2713 | D:4      | 2713 ||| SHOPLISTING potion of might (56 gold, have 42).
  2713 | D:4      | 2713 ||| INVOKING Spit Poison.
  2733 | D:4      | Found a stormy altar of Qazlal.
  2762 | D:4      | Reached skill level 1 in Invocations
  2771 | D:4      | 2771 ||| INVOKING Spit Poison.
  2778 | D:4      | Found a blossoming altar of Fedhas.
  2811 | D:4      | 2811 ||| INVOKING Spit Poison.
  2814 | D:4      | 2814 ||| INVOKING Spit Poison.
  2857 | D:4      | 2857 ||| INVOKING Heroism.
  2977 | D:4      | 2977 ||| INVOKING Spit Poison.
  3075 | D:4      | 3075 ||| INVOKING Spit Poison.
  3226 | D:4      | 3226 ||| INVOKING Spit Poison.
  3247 | D:4      | Found a glowing golden altar of the Shining One.
  3249 | D:4      | You fall into a shaft and drop 1 floor!
  3249 | D:5      | Entered Level 5 of the Dungeon
  3356 | D:5      | Found a white marble altar of Elyvilon.
  3363 | D:5      | 3363 ||| INVOKING Spit Poison.
  3366 | D:5      | 3366 ||| INVOKING Heroism.
  3367 | D:5      | 3367 ||| INVOKING Spit Poison.
  3368 | D:5      | 3368 ||| INVOKING Spit Poison.
  3370 | D:5      | Reached XP level 7. HP: 21/64 MP: 5/9
  3555 | D:5      | 3555 ||| INVOKING Heroism.
  3558 | D:5      | 3558 ||| INVOKING Spit Poison.
  3563 | D:5      | Reached skill level 3 in Invocations
  3614 | D:5      | 3614 ||| INVOKING Spit Poison.
  3637 | D:5      | 3637 ||| UPGRADING to +0 pair of gloves.
  3642 | D:5      | 3642 ||| DROPPING ring of magical power.
  3643 | D:5      | 3643 ||| READING scroll labelled ROCSUCUNIDGH.
  3644 | D:5      | 3644 ||| READING scroll labelled ALEAKHL HEIHEIS.
  3645 | D:5      | 3645 ||| READING scroll labelled OZOUM YLEAC.
  3646 | D:5      | 3646 ||| READING scroll labelled JUPRYUZXITS.
  3653 | D:5      | 3653 ||| INVOKING Spit Poison.
  3660 | D:5      | 3660 ||| INVOKING Spit Poison.
  3699 | D:5      | 3699 ||| INVOKING Heroism.
  3705 | D:5      | HP: 9/64 [centaur/arrow (11)]
  3706 | D:5      | 3706 ||| DRINKING 3 potions of heal wounds.
  3933 | D:4      | Found a basalt altar of Yredelemnul.
  3935 | D:4      | Noticed a profane servitor
  3946 | D:4      | Noticed an angel
  4127 | D:5      | 4127 ||| INVOKING Heroism.
  4241 | D:5      | Noticed Grinder
  4242 | D:5      | 4242 ||| INVOKING Heroism.
  4243 | D:5      | 4243 ||| SWAPPING to +0 orcbow.
  4249 | D:5      | Killed Grinder
  4249 | D:5      | Reached ** piety under Okawaru
  4250 | D:5      | Reached skill level 7 in Ranged Weapons
  4250 | D:5      | Reached XP level 8. HP: 58/72 MP: 8/11
  4294 | D:5      | 4294 ||| DROPPING +1 shortbow.
  4412 | D:5      | 4412 ||| INVOKING Spit Poison.
  4419 | D:5      | 4419 ||| INVOKING Spit Poison.
  4470 | D:5      | 4470 ||| INVOKING Heroism.
  4471 | D:5      | 4471 ||| INVOKING Spit Poison.
  4489 | D:5      | Noticed Edmund
  4490 | D:5      | 4490 ||| INVOKING Spit Poison.
  4492 | D:5      | 4492 ||| INVOKING Heroism.
  4496 | D:5      | Killed Edmund
  4497 | D:5      | Reached skill level 8 in Ranged Weapons
  5117 | D:5      | 5117 ||| INVOKING Spit Poison.
  5170 | D:5      | 5170 ||| READING 3 scrolls of identify.
  5170 | D:5      | 5170 ||| IDENTIFYING green potion
  5171 | D:5      | 5171 ||| READING 2 scrolls of identify.
  5171 | D:5      | 5171 ||| IDENTIFYING smoky blue potion
  5172 | D:5      | 5172 ||| DROPPING potion of attraction.
  5218 | D:6      | 5218 ||| INVOKING Spit Poison.
  5250 | D:6      | 5250 ||| INVOKING Spit Poison.
  5255 | D:6      | 5255 ||| INVOKING Spit Poison.
  5325 | D:6      | 5325 ||| INVOKING Spit Poison.
  5339 | D:6      | 5339 ||| INVOKING Heroism.
  5372 | D:6      | 5372 ||| INVOKING Heroism.
  5375 | D:6      | 5375 ||| INVOKING Spit Poison.
  5521 | D:6      | Found a shimmering altar of Xom.
  5523 | D:6      | 5523 ||| INVOKING Spit Poison.
  5527 | D:6      | 5527 ||| INVOKING Spit Poison.
  5539 | D:6      | 5539 ||| INVOKING Spit Poison.
  5543 | D:6      | 5543 ||| INVOKING Spit Poison.
  5588 | D:6      | Found a shimmering blue altar of Sif Muna.
  5592 | D:6      | 5592 ||| INVOKING Spit Poison.
  5597 | D:6      | 5597 ||| INVOKING Spit Poison.
  5636 | D:6      | 5636 ||| INVOKING Heroism.
  5637 | D:6      | 5637 ||| INVOKING Spit Poison.
  5645 | D:6      | 5645 ||| INVOKING Spit Poison.
  5651 | D:6      | 5651 ||| INVOKING Spit Poison.
  5658 | D:6      | 5658 ||| INVOKING Spit Poison.
  5872 | D:6      | 5872 ||| INVOKING Spit Poison.
  5875 | D:6      | 5875 ||| INVOKING Spit Poison.
  5877 | D:6      | Reached skill level 9 in Ranged Weapons
  5877 | D:6      | Reached XP level 9. HP: 81/81 MP: 12/12
  5878 | D:6      | Identified the +1 robe "Xecweph" {rN+ Str-4 Int+4 Slay+4}
  5973 | D:6      | 5973 ||| INVOKING Heroism.
  6103 | D:6      | 6103 ||| INVOKING Heroism.
  6106 | D:6      | 6106 ||| INVOKING Spit Poison.
  6107 | D:6      | Reached skill level 1 in Armour
  6181 | D:6      | 6181 ||| UPGRADING to +1 robe "Xecweph" {rN+ Str-4 Int+4
                  | Slay+4}.
  6191 | D:6      | 6191 ||| DROPPING +0 leather armour.
  6192 | D:6      | 6192 ||| DRINKING 2 black potions.
  6296 | D:6      | 6296 ||| DROPPING potion of berserk rage.
  6335 | D:7      | Found a burning altar of Makhleb.
  6338 | D:7      | 6338 ||| INVOKING Spit Poison.
  6350 | D:7      | 6350 ||| INVOKING Spit Poison.
  6353 | D:7      | 6353 ||| INVOKING Spit Poison.
  6357 | D:7      | 6357 ||| INVOKING Spit Poison.
  6359 | D:7      | Reached skill level 3 in Dodging
  6361 | D:7      | 6361 ||| INVOKING Spit Poison.
  6390 | D:7      | Found a staircase to the Ecumenical Temple.
  6417 | D:7      | 6417 ||| INVOKING Heroism.
  6468 | D:7      | Found a flagged portal.
  6475 | D:7      | 6475 ||| INVOKING Spit Poison.
  6708 | D:7      | 6708 ||| INVOKING Spit Poison.
  6714 | D:7      | Reached skill level 6 in Fighting
  7007 | D:7      | 7007 ||| INVOKING Heroism.
  7008 | D:7      | 7008 ||| INVOKING Spit Poison.
  7015 | D:7      | 7015 ||| INVOKING Spit Poison.
  7020 | D:7      | 7020 ||| INVOKING Spit Poison.
  7026 | D:7      | 7026 ||| INVOKING Spit Poison.
  7034 | D:7      | 7034 ||| INVOKING Spit Poison.
  7040 | D:7      | 7040 ||| INVOKING Spit Poison.
  7060 | D:7      | Found a snail-covered altar of Cheibriados.
  7072 | D:7      | 7072 ||| INVOKING Spit Poison.
  7077 | D:7      | Reached skill level 10 in Ranged Weapons
  7232 | D:7      | 7232 ||| UPGRADING to +6 ring of dexterity.
  7233 | D:7      | 7233 ||| DRINKING 3 fuming golden potions.
  7280 | D:7      | 7280 ||| DROPPING 2 potions of lignification.
  7460 | D:8      | 7460 ||| INVOKING Spit Poison.
  7465 | D:8      | 7465 ||| INVOKING Spit Poison.
  7482 | D:8      | 7482 ||| INVOKING Spit Poison.
  7512 | D:8      | 7512 ||| INVOKING Spit Poison.
  7518 | D:8      | 7518 ||| INVOKING Spit Poison.
  7582 | D:8      | 7582 ||| INVOKING Spit Poison.
  7585 | D:8      | 7585 ||| INVOKING Spit Poison.
  7766 | D:8      | 7766 ||| INVOKING Spit Poison.
  7827 | D:8      | 7827 ||| Stepping ~*~*~tactically~*~*~ (outnumbered).
  7828 | D:8      | 7828 ||| INVOKING Spit Poison.
  7831 | D:8      | 7831 ||| INVOKING Spit Poison.
  7842 | D:8      | 7842 ||| INVOKING Spit Poison.
  7845 | D:8      | 7845 ||| INVOKING Spit Poison.
  8028 | D:8      | 8028 ||| INVOKING Spit Poison.
  8032 | D:8      | 8032 ||| INVOKING Spit Poison.
  8035 | D:8      | 8035 ||| INVOKING Spit Poison.
  8048 | D:8      | Found a radiant altar of Vehumet.
  8080 | D:8      | 8080 ||| INVOKING Spit Poison.
  8084 | D:8      | 8084 ||| Stepping ~*~*~tactically~*~*~ (outnumbered).
  8085 | D:8      | 8085 ||| INVOKING Spit Poison.
  8090 | D:8      | 8090 ||| INVOKING Spit Poison.
  8093 | D:8      | 8093 ||| INVOKING Spit Poison.
  8198 | D:8      | 8198 ||| INVOKING Spit Poison.
  8283 | D:8      | 8283 ||| DRINKING 2 sedimented puce potions.
  8284 | D:8      | 8284 ||| DRINKING 6 potions of curing.
  8284 | D:8      | 8284 ||| (to cure confusion)
  8285 | D:8      | 8285 ||| READING 2 scrolls of identify.
  8285 | D:8      | 8285 ||| IDENTIFYING sapphire potion
  8286 | D:8      | 8286 ||| DROPPING potion of ambrosia.
  8336 | D:9      | 8336 ||| INVOKING Spit Poison.
  8342 | D:9      | 8342 ||| INVOKING Spit Poison.
  8343 | D:9      | Reached XP level 10. HP: 77/92 MP: 13/13
  8343 | D:9      | 8343 ||| STAIRDANCE
  8345 | D:8      | 8345 ||| INVOKING Spit Poison.
  8346 | D:8      | 8346 ||| INVOKING Heroism.
  8492 | D:9      | 8492 ||| INVOKING Spit Poison.
  8494 | D:9      | 8494 ||| STAIRDANCE
  8496 | D:8      | 8496 ||| INVOKING Spit Poison.
  8497 | D:8      | 8497 ||| INVOKING Heroism.
  8500 | D:8      | 8500 ||| INVOKING Spit Poison.
  8507 | D:8      | 8507 ||| INVOKING Spit Poison.
  8691 | D:9      | 8691 ||| INVOKING Spit Poison.
  8745 | D:9      | 8745 ||| INVOKING Spit Poison.
  8772 | D:9      | 8772 ||| Stepping ~*~*~tactically~*~*~ (outnumbered).
  8774 | D:9      | 8774 ||| INVOKING Spit Poison.
  8777 | D:9      | 8777 ||| Stepping ~*~*~tactically~*~*~ (outnumbered).
  8780 | D:9      | 8780 ||| Stepping ~*~*~tactically~*~*~ (outnumbered).
  8785 | D:9      | 8785 ||| Stepping ~*~*~tactically~*~*~ (outnumbered).
  8786 | D:9      | 8786 ||| INVOKING Spit Poison.
  8791 | D:9      | 8791 ||| INVOKING Spit Poison.
  8810 | D:9      | 8810 ||| INVOKING Spit Poison.
  8814 | D:9      | 8814 ||| INVOKING Heroism.
  8816 | D:9      | 8816 ||| INVOKING Spit Poison.
  8822 | D:9      | 8822 ||| INVOKING Spit Poison.
  8984 | D:9      | 8984 ||| INVOKING Spit Poison.
  8999 | D:9      | Reached *** piety under Okawaru
  9087 | D:9      | Reached skill level 11 in Ranged Weapons
  9103 | D:9      | 9103 ||| INVOKING Heroism.
  9105 | D:9      | HP: 16/94 [slime creature (9)]
  9106 | D:9      | 9106 ||| READING 2 scrolls of teleportation.
  9107 | D:9      | 9107 ||| DRINKING 2 potions of heal wounds.
  9666 | D:9      | 9666 ||| READING scroll labelled HYFUINU DACLE.
  9771 | D:10     | Entered Level 10 of the Dungeon
  9771 | D:10     | Noticed an unseen horror
  9772 | D:10     | 9772 ||| INVOKING Spit Poison.
  9773 | D:10     | 9773 ||| INVOKING Spit Poison.
  9778 | D:10     | 9778 ||| STAIRDANCE
  9780 | D:9      | 9780 ||| INVOKING Spit Poison.
  9836 | D:10     | 9836 ||| INVOKING Spit Poison.
  9839 | D:10     | 9839 ||| STAIRDANCE
  9879 | D:10     | 9879 ||| INVOKING Spit Poison.
  9883 | D:10     | 9883 ||| STAIRDANCE
  9914 | D:10     | 9914 ||| INVOKING Spit Poison.
  9916 | D:10     | 9916 ||| STAIRDANCE
  9955 | D:10     | 9955 ||| INVOKING Spit Poison.
  9957 | D:10     | Killed an unseen horror
  9961 | D:10     | Reached **** piety under Okawaru
  9988 | D:10     | 9988 ||| INVOKING Spit Poison.
 10003 | D:10     | Found Riocluwn's Armour Shop.
 10011 | D:10     | 10011 ||| INVOKING Spit Poison.
 10018 | D:10     | 10018 ||| INVOKING Spit Poison.
 10022 | D:10     | 10022 ||| INVOKING Heroism.
 10023 | D:10     | 10023 ||| INVOKING Spit Poison.
 10027 | D:10     | 10027 ||| INVOKING Spit Poison.
 10031 | D:10     | 10031 ||| INVOKING Spit Poison.
 10037 | D:10     | 10037 ||| INVOKING Spit Poison.
 10041 | D:10     | 10041 ||| INVOKING Spit Poison.
 10235 | D:10     | 10235 ||| BUYING +0 helmet (49 gold).
 10235 | D:10     | Bought a +0 helmet for 49 gold pieces
 10251 | D:10     | Found Kyomolol's Weapon Shoppe.
 10251 | D:10     | Noticed a +0 giant club
 10257 | D:10     | 10257 ||| BUYING +0 arbalest (67 gold).
 10257 | D:10     | Bought a +0 arbalest for 67 gold pieces
 10257 | D:10     | 10257 ||| SHOPLISTING +6 arbalest (547 gold, have 372).
 10257 | D:10     | 10257 ||| SWAPPING to +0 arbalest.
 10258 | D:10     | 10258 ||| DROPPING +0 orcbow.
 10261 | D:10     | 10261 ||| INVOKING Heroism.
 10283 | D:10     | 10283 ||| INVOKING Spit Poison.
 10285 | D:10     | Reached XP level 11. HP: 103/103 MP: 14/14
 10286 | D:10     | 10286 ||| INVOKING Spit Poison.
 10288 | D:10     | 10288 ||| INVOKING Heroism.
 10289 | D:10     | 10289 ||| INVOKING Spit Poison.
 10296 | D:10     | 10296 ||| INVOKING Spit Poison.
 10299 | D:10     | HP: 24/103 [electric eel/bolt of electricity (6)]
 10300 | D:10     | 10300 ||| READING scroll of teleportation.
 10300 | D:10     | HP: 7/103 [yak (11)]
 10300 | D:10     | HP: 3/103 [electric eel/bolt of electricity (4)]
 10301 | D:10     | 10301 ||| DRINKING 2 potions of heal wounds.
 10303 | D:10     | 10303 ||| DRINKING potion of heal wounds.
 10514 | D:10     | Found Vomikk's Antique Armour Boutique.
 10522 | D:10     | 10522 ||| BUYING heavily runed ring mail (216 gold).
 10522 | D:10     | Bought a heavily runed ring mail for 216 gold pieces
 10522 | D:10     | Identified the +3 ring mail of the Enchanted Forest {rF-
                  | rC+ Dex+5} (You bought it in a shop on level 10 of the
                  | Dungeon)
 10522 | D:10     | 10522 ||| BUYING runed leather armour (120 gold).
 10522 | D:10     | Bought a runed leather armour for 120 gold pieces
 10522 | D:10     | 10522 ||| SHOPLISTING scorched helmet (228 gold, have 54).
 10529 | D:10     | 10529 ||| INVOKING Spit Poison.
 10530 | D:10     | 10530 ||| INVOKING Heroism.
 10533 | D:10     | 10533 ||| INVOKING Spit Poison.
 10538 | D:10     | Reached skill level 6 in Invocations
 10560 | D:10     | 10560 ||| INVOKING Heroism.
 10564 | D:10     | 10564 ||| INVOKING Spit Poison.
 10635 | D:10     | 10635 ||| INVOKING Heroism.
 10660 | D:10     | 10660 ||| INVOKING Heroism.
 10662 | D:10     | 10662 ||| INVOKING Spit Poison.
 10947 | D:10     | 10947 ||| INVOKING Spit Poison.
 10961 | D:10     | 10961 ||| INVOKING Spit Poison.
 10966 | D:10     | 10966 ||| INVOKING Spit Poison.
 10968 | D:10     | 10968 ||| INVOKING Heroism.
 10970 | D:10     | Reached skill level 12 in Ranged Weapons
 10970 | D:10     | 10970 ||| INVOKING Spit Poison.
 10975 | D:10     | 10975 ||| INVOKING Spit Poison.
 11148 | D:10     | Found Luiclib's Armour Boutique.
 11151 | D:10     | Found Gadi's Antique Armour Shop.
 11161 | D:10     | 11161 ||| SHOPLISTING runed helmet (157 gold, have 74).
 11161 | D:10     | 11161 ||| SHOPLISTING smoking helmet (199 gold, have 74).
 11320 | D:10     | 11320 ||| INVOKING Heroism.
 11324 | D:10     | 11324 ||| INVOKING Spit Poison.
 11553 | D:10     | 11553 ||| UPGRADING to +3 ring mail of the Enchanted Forest
                  | {rF- rC+ Dex+5}.
 11563 | D:10     | 11563 ||| UPGRADING to +0 helmet.
 11568 | D:10     | 11568 ||| READING scroll labelled ARUSSATIZI.
 11625 | D:11     | 11625 ||| INVOKING Heroism.
 11626 | D:11     | 11626 ||| INVOKING Spit Poison.
 11659 | D:11     | Found a runed translucent gate.
 11659 | D:11     | Found a runed translucent gate.
 11660 | D:11     | Found a runed translucent gate.
 11660 | D:11     | Noticed a red ugly thing
 11660 | D:11     | Noticed a glowing orange brain
 11664 | D:11     | Noticed a green ugly thing
 11664 | D:11     | Noticed a purple ugly thing
 11666 | D:11     | Noticed a cyan ugly thing
 11670 | D:11     | 11670 ||| INVOKING Spit Poison.
 11676 | D:11     | 11676 ||| INVOKING Spit Poison.
 11703 | D:11     | Noticed a cyan ugly thing
 11704 | D:11     | 11704 ||| INVOKING Spit Poison.
 11708 | D:11     | 11708 ||| INVOKING Spit Poison.
 11711 | D:11     | Killed a cyan ugly thing
 11712 | D:11     | 11712 ||| INVOKING Heroism.
 11914 | D:11     | 11914 ||| INVOKING Spit Poison.
 11917 | D:11     | 11917 ||| INVOKING Spit Poison.
 11922 | D:11     | 11922 ||| INVOKING Spit Poison.
 11928 | D:11     | 11928 ||| INVOKING Heroism.
 11930 | D:11     | 11930 ||| INVOKING Spit Poison.
 11937 | D:11     | 11937 ||| INVOKING Spit Poison.
 11944 | D:11     | 11944 ||| INVOKING Heroism.
 11945 | D:11     | 11945 ||| INVOKING Spit Poison.
 11948 | D:11     | 11948 ||| INVOKING Spit Poison.
 12077 | D:11     | 12077 ||| READING scroll of enchant armour.
 12077 | D:11     | 12077 ||| ENCHANTING +0 pair of gloves.
 12090 | D:11     | 12090 ||| INVOKING Spit Poison.
 12095 | D:11     | 12095 ||| INVOKING Spit Poison.
 12098 | D:11     | Reached skill level 13 in Ranged Weapons
 12100 | D:11     | 12100 ||| INVOKING Spit Poison.
 12104 | D:11     | 12104 ||| INVOKING Spit Poison.
 12107 | D:11     | 12107 ||| INVOKING Spit Poison.
 12127 | D:11     | Found Wuiwuvvakle's Armour Emporium.
 12145 | D:11     | 12145 ||| SHOPLISTING +2 helmet (264 gold, have 90).
 12145 | D:11     | 12145 ||| SHOPLISTING +6 ring mail "Popsabus" {rF+ Dex+5
                  | SInv} (1003 gold, have 90).
 12235 | D:11     | 12235 ||| INVOKING Spit Poison.
 12239 | D:11     | 12239 ||| INVOKING Spit Poison.
 12321 | D:11     | Found a staircase to the Lair.
 12370 | D:11     | 12370 ||| INVOKING Spit Poison.
 12378 | D:11     | 12378 ||| INVOKING Heroism.
 12381 | D:11     | 12381 ||| INVOKING Spit Poison.
 12405 | D:11     | Noticed a cyclops
 12407 | D:11     | 12407 ||| INVOKING Heroism.
 12408 | D:11     | 12408 ||| INVOKING Spit Poison.
 12413 | D:11     | Killed a cyclops
 12525 | D:11     | 12525 ||| DROPPING +1 robe "Xecweph" {rN+ Str-4 Int+4
                  | Slay+4}.
 12526 | D:11     | 12526 ||| PLANNING LAIR
 12526 | D:11     | 12526 ||| DROPPING +2 leather armour of cold resistance.
 12527 | D:11     | 12527 ||| DRINKING 2 cyan potions.
 12528 | D:11     | 12528 ||| READING 4 scrolls of identify.
 12528 | D:11     | 12528 ||| IDENTIFYING inky potion
 12529 | D:11     | 12529 ||| READING 3 scrolls of identify.
 12529 | D:11     | 12529 ||| IDENTIFYING yellow potion
 12530 | D:11     | 12530 ||| READING 2 scrolls of identify.
 12530 | D:11     | 12530 ||| IDENTIFYING silvery potion
 12531 | D:11     | 12531 ||| DROPPING potion of brilliance.
 12568 | Lair:1   | Entered Level 1 of the Lair of Beasts
 12590 | Lair:1   | 12590 ||| INVOKING Heroism.
 12591 | Lair:1   | 12591 ||| INVOKING Spit Poison.
 12596 | Lair:1   | 12596 ||| INVOKING Spit Poison.
 12683 | Lair:1   | 12683 ||| INVOKING Spit Poison.
 12686 | Lair:1   | 12686 ||| INVOKING Heroism.
 12811 | Lair:1   | 12811 ||| INVOKING Spit Poison.
 12907 | Lair:1   | 12907 ||| INVOKING Heroism.
 12909 | Lair:1   | 12909 ||| INVOKING Spit Poison.
 13052 | Lair:1   | 13052 ||| INVOKING Heroism.
 13054 | Lair:1   | Reached skill level 9 in Fighting
 13057 | Lair:1   | Reached XP level 12. HP: 114/114 MP: 14/17
 13116 | Lair:1   | Reached skill level 3 in Armour
 13289 | Lair:1   | 13289 ||| INVOKING Heroism.
 13296 | Lair:1   | Received a gift from Okawaru
 13674 | Lair:1   | 13674 ||| UPGRADING to +4 ring of protection.
 13676 | Lair:1   | 13676 ||| DROPPING ring of protection from cold.
 13684 | Lair:2   | 13684 ||| INVOKING Heroism.
 13687 | Lair:2   | 13687 ||| Stepping ~*~*~tactically~*~*~ (cloud).
 13768 | Lair:2   | 13768 ||| INVOKING Heroism.
 13932 | Lair:2   | Found a runed translucent gate.
 13932 | Lair:2   | Found a runed translucent gate.
 13932 | Lair:2   | Found a runed translucent gate.
 13935 | Lair:2   | Noticed a death yak
 13938 | Lair:2   | Noticed a minotaur
 13940 | Lair:2   | Noticed qw's ghost (novice MiHu)
 13961 | Lair:2   | 13961 ||| INVOKING Heroism.
 13982 | Lair:2   | 13982 ||| INVOKING Heroism.
 13987 | Lair:2   | Reached skill level 6 in Dodging
 14159 | Lair:2   | Noticed Fannar
 14176 | Lair:2   | 14176 ||| INVOKING Heroism.
 14181 | Lair:2   | Killed Fannar
 14309 | Lair:2   | Noticed Gastronok
 14310 | Lair:2   | 14310 ||| INVOKING Heroism.
 14319 | Lair:2   | Killed Gastronok
 14320 | Lair:2   | Reached skill level 9 in Invocations
 14339 | Lair:2   | 14339 ||| INVOKING Heroism.
 14395 | Lair:2   | Received a gift from Okawaru
 14443 | Lair:2   | 14443 ||| INVOKING Heroism.
 14584 | Lair:2   | 14584 ||| INVOKING Heroism.
 14588 | Lair:2   | HP: 28/114 [poisoned by a black mamba]
 14593 | Lair:2   | HP: 18/114 [poisoned by a black mamba]
 14598 | Lair:2   | HP: 15/114 [poisoned by a black mamba]
 14865 | Lair:2   | Found a staircase to the Swamp.
 15029 | Lair:2   | 15029 ||| DROPPING ring of resist corrosion.
 15030 | Lair:2   | 15030 ||| READING scroll labelled HOCZUO ULAOKK.
 15031 | Lair:2   | 15031 ||| DRINKING 2 dark potions.
 15045 | Lair:3   | 15045 ||| PLANNING GAUNTLET
 15054 | Lair:3   | 15054 ||| READING scroll of enchant armour.
 15054 | Lair:3   | 15054 ||| ENCHANTING +1 pair of gloves.
 15092 | Lair:3   | Noticed a skyshark
 15093 | Lair:3   | 15093 ||| INVOKING Heroism.
 15103 | Lair:3   | Killed a skyshark
 15104 | Lair:3   | Reached skill level 14 in Ranged Weapons
 15263 | Lair:3   | 15263 ||| INVOKING Heroism.
 15278 | Lair:3   | Gained mutation: You can use your snake-like lower body to
                  | constrict enemies. [Naga growth]
 15278 | Lair:3   | Reached XP level 13. HP: 123/123 MP: 20/20
 15407 | Lair:3   | You fall into a shaft and drop 1 floor!
 15415 | Lair:4   | 15415 ||| INVOKING Heroism.
 15465 | Lair:4   | 15465 ||| INVOKING Heroism.
 15477 | Lair:4   | HP: 28/123 [elephant (11)]
 15478 | Lair:4   | 15478 ||| READING scroll of teleportation.
 15479 | Lair:4   | 15479 ||| DRINKING potion of heal wounds.
 15488 | Lair:4   | HP: 28/123 [electric eel/bolt of electricity (6)]
 15489 | Lair:4   | Reached skill level 15 in Ranged Weapons
 15490 | Lair:4   | HP: 6/123 [polar bear (13)]
 15491 | Lair:4   | Killed from afar by an electric eel

Levels and vault maps discovered:
D:1:      minmay_arrival_split_and_join, layout_basic, st_stairs_7,
          minmay_indecisive_spiral
D:2:      layout_loops_cross, minmay_octomino_e4
D:3:      layout_basic, mainiacjoe_overflow_24_doors, grunt_ministairs_1
D:4:      layout_loops_ring, grunt_temple_overflow_holy_war,
          fedhas_altar_fruit_tree, kennysheep_little_box, serial_shops,
          nicolae_shop_peninsula, uniq_blork_the_orc
D:5:      layout_layer_cave, elyvilon_altar_1, serial_rivers,
          chequers_serial_rivers_micro_e, chequers_serial_rivers_large_b,
          chequers_serial_rivers_room_b, chequers_serial_rivers_room_a,
          uniq_grinder, uniq_edmund
D:6:      layout_basic, mainiacjoe_overflow_catch_the_wave
D:7:      layout_basic, nicolae_overflow_crystal_walls, kennysheep_mini,
          minmay_temple_entry_gardened_gates, enter_bailey_5
D:8:      layout_loops_corners, mainiacjoe_overflow_paths
D:9:      layout_long_grid
D:10:     layout_basic, serial_shops, nicolae_shop_competitors_out_of_business,
          shop_statue, nicolae_shop_mannequins, shop, shop
D:11:     layout_roguey, grunt_lair_entry_orc_guard_hut,
          ploomutoo_gammafunk_ghost_potion_laboratory, serial_shops, shop_statue
Lair:1:   layout_cave_pods, ldierk_geyser, serial_bayou_shore_b,
          grunt_megastairs_4
Lair:2:   layout_big_grid, minmay_swamp_entry_worms,
          maelrawn_ghost_gauntlet_escape, uniq_fannar, uniq_gastronok
Lair:3:   layout_long_grid, nicolae_spider_entry_lesser_pyramids,
          gauntlet_entry_generic, serial_bayou_ford_a, st_stairs_9,
          grunt_megastairs_1
Lair:4:   layout_gridlike, beast_lair_carwin_8, serial_bayou_shore_a

Skill      XL: |  1  2  3  4  5  6  7  8  9 10 11 12 13 |
---------------+----------------------------------------+-----
Ranged Weapons | 4 5 6 7 9 10 11 13 14 15 | 15.0
Fighting       | 3 4 5 6 8 9 10 | 10.0
Invocations    | 2 4 5 7 10 | 10.0
Dodging        | 2 4 5 6 |  6.0
Armour         | 1 2 3 |  3.1
Stealth        | |  1.5

Action                     |  1- 3 |  4- 6 |  7- 9 | 10-12 | 13-15 || total
---------------------------+-------+-------+-------+-------+-------++-------
   Fire: Shortbow          |    94 |   120 |    31 |       |       ||   245
         Orcbow            |       |       |   267 |   147 |       ||   414
         Arbalest          |       |       |       |   358 |    70 ||   428
 Invoke: Heroism           |       |     2 |    13 |    35 |     2 ||    52
Ability: Spit Poison       |    28 |    51 |    63 |    69 |       ||   211
    Use: Scroll            |     3 |     4 |     7 |    10 |     1 ||    25
         Potion            |       |       |     5 |     5 |     1 ||    11
 Armour: Leather armour    |    12 |     8 |    18 |       |       ||    38
         Robe              |       |       |     7 |    29 |       ||    36
         Ring mail         |       |       |       |    83 |    44 ||   127
  Dodge: Dodged            |    15 |    30 |    67 |   229 |    60 ||   401

Table legend:
 A = Non-vault XP
 B = Vault XP
 C = Vault XP percentage of total XP
 D = Non-vault monster count
 E = Vault monster count
 F = Vault count percentage of total count
                 A         B        C        D         E       F
            +---------+---------+-------+---------+---------+-------
      Total |   32762 |    5287 |  13.9 |     340 |      30 |   8.1
            +---------+---------+-------+---------+---------+-------
        D:1 |      38 |      11 |  22.4 |      21 |       6 |  22.2
        D:2 |      37 |       7 |  15.9 |      21 |       3 |  12.5
        D:3 |     195 |       4 |   2.0 |      33 |       2 |   5.7
        D:4 |     228 |      94 |  29.2 |      16 |       1 |   5.9
        D:5 |     633 |     425 |  40.2 |      10 |       2 |  16.7
        D:6 |     962 |       0 |   0.0 |      19 |       0 |   0.0
        D:7 |    1243 |       8 |   0.6 |      30 |       4 |  11.8
        D:8 |    1170 |       0 |   0.0 |      35 |       0 |   0.0
        D:9 |    2501 |       0 |   0.0 |      30 |       0 |   0.0
       D:10 |    4385 |       0 |   0.0 |      37 |       0 |   0.0
       D:11 |    3723 |     763 |  17.0 |      28 |       5 |  15.2
     Lair:1 |    3665 |     524 |  12.5 |      14 |       2 |  12.5
     Lair:2 |    4238 |    2646 |  38.4 |      17 |       3 |  15.0
     Lair:3 |    5539 |     805 |  12.7 |      18 |       2 |  10.0
     Lair:4 |    4205 |       0 |   0.0 |      11 |       0 |   0.0
            +---------+---------+-------+---------+---------+-------
